 Dungeon Crawl Stone Soup version 0.29-a0-96-g93358da72b (webtiles) character file.

Game seed: 4072340125840531821

7 cyrus the Caller (level 1, -1/13 HPs)
             Began as a Vampire Summoner on Feb 11, 2022.
             Slain by a jackal (2 damage)
             ... on level 1 of the Dungeon.
             The game lasted 00:01:33 (133 turns).

cyrus the Caller (Vampire Summoner)                  Turns: 133, Time: 00:01:33

Health: -1/13      AC:  5    Str:  7    XL:     1   Next: 91%
Magic:  0/3        EV: 12    Int: 17    God:
Gold:   0          SH:  0    Dex: 14    Spells: 3/4 levels left

rFire   . . .      SeeInvis +   (no weapon)
rCold   . . .      Faith    .   (no shield)
rNeg    . . .      Spirit   .   a - +0 robe
rPois   .          Reflect  .   (no helmet)
rElec   .          Harm     .   (no cloak)
rCorr   .          Rampage  .   c - +2 pair of gloves
Will    .....                   (no boots)
Stlth   ++........              (no amulet)
HPRegen 0.24/turn               (no ring)
MPRegen 0.08/turn               (no ring)

@: healing quickly
A: alive, fangs 3, see invisible, vampiric 1
a: Exsanguinate


You were on level 1 of the Dungeon.
You visited 1 branch of the dungeon, and saw 1 of its levels.

Inventory:

Armour
 a - a +0 robe (worn)
 c - a +2 pair of gloves (worn)
Scrolls
 b - a scroll of blinking {unknown}


   Skills:
 + Level 2.1 Dodging
 + Level 3.0 Stealth
 + Level 0.4 Unarmed Combat
 + Level 2.0 Spellcasting
 + Level 4.3 Summonings


You had 3 spell levels left.
You knew the following spells:

 Your Spells              Type           Power      Damage    Failure   Level
a - Summon Small Mammal   Summ           64%        N/A       3%          1

Your spell library contained the following spells:

 Spells                   Type           Power      Damage    Failure   Level
 Call Imp                 Summ           16%        N/A       4%          2
 Call Canine Familiar     Summ           16%        N/A       10%         3
 Summon Guardian Golem    Hex/Summ       9%         N/A       24%         3
 Summon Lightning Spire   Summ/Air       9%         N/A       61%         4


Dungeon Overview and Level Annotations

Branches:
Dungeon (1/15)

Altars:


Innate Abilities, Weirdness & Mutations

Your natural rate of healing is accelerated.
You have razor-sharp teeth.
You have supernaturally acute eyesight. (SInv)
You are afflicted with vampirism.


Message History

Unknown command.
You miss the jackal.
The jackal is severely wounded.
The jackal barely misses you. The hobgoblin misses your rat.
The frilled lizard bites you.
* * * LOW HITPOINT WARNING * * *
Your rat closely misses the hobgoblin.
Unknown command.
You hit the jackal but do no damage. You bite the jackal, but do no damage.
The jackal is severely wounded.
The jackal bites you but does no damage.
The hobgoblin hits your rat but does no damage.
The frilled lizard bites you but does no damage.
Your rat bites the hobgoblin.
The hobgoblin dies!
Unknown command.
You hit the jackal but do no damage.
The jackal is severely wounded.
The jackal bites you but does no damage.
The frilled lizard hisses.
The frilled lizard closely misses you.
The jackal bites you but does no damage.
Your rat barely misses the jackal.
You hit the jackal but do no damage. Your bite misses the jackal.
The jackal is almost dead.
The jackal barely misses you. The frilled lizard misses you.
Your rat bites the jackal but does no damage.
Unknown command.
You hit the jackal but do no damage.
The jackal is almost dead.
The jackal bites you but does no damage. x2
The frilled lizard bites you but does no damage.
The jackal closely misses you.
Your rat bites the jackal.
Unknown command.
You hit the jackal but do no damage.
The jackal is almost dead.
The jackal closely misses you. The jackal bites you.
* * * LOW HITPOINT WARNING * * *
The jackal bites you.
You die...

.......##.. ..###...###..
.#####.##.# #.....h......
.# #.##.# #....._...... .#
#.##.# #........... .#
##.##.# #!###..)###
.####...#.####.# #...#G#
......#........###...###..
#####...#####.brhlg.).....
##.## ####@hh....... #.#
########### #.# ######.#
...†...# ########


You could see a floating eye, 3 jackals, a goblin, a frilled lizard, a friendly
bat (summoned) and a friendly rat (summoned).

Vanquished Creatures
  2 jackals (D:1)
2 creatures vanquished.

Vanquished Creatures (collateral kills)
  A bat (D:1)
  A hobgoblin (D:1)
  A jackal (D:1)
  A ball python (D:1)
4 creatures vanquished.

Grand Total: 6 creatures vanquished

Notes
Turn   | Place    | Note
-------+----------+-------------------------------------------
     0 | D:1      | cyrus the Vampire Summoner began the quest for the Orb.
     0 | D:1      | Reached XP level 1. HP: 13/13 MP: 3/3
    93 | D:1      | Noticed a golden eye
    96 | D:1      | Noticed a floating eye
    98 | D:1      | Found a faded altar of an unknown god.
   133 | D:1      | Slain by a jackal

Illustrated notes

Levels and vault maps discovered:
D:1:      psy_arrival_spokes, layout_loops_ring,
          hellmonk_ecumenical_altar_watching_god, nicolae_figureground_pulse

Action                   || total
-------------------------++-------
Melee: Unarmed           ||    26
       Bite              ||     3
 Cast: Summon Small Mamm ||     6
Armor: Robe              ||    26
Dodge: Dodged            ||    50

Table legend: (Time is in decaauts)
 A = Elapsed time spent in this place.
 B = Non-inter-level travel time spent in this place.
 C = Inter-level travel time spent in this place.
 D = Time resting spent in this place.
 E = Time spent auto-exploring this place.
 F = Levels seen in this place.
 G = Mean time per level.
                   A        B        C        D        E       F      G
               +--------+--------+--------+--------+--------+-----+--------+
         Total |    133 |    133 |      0 |      0 |     60 |   1 |  133.0 |
       Dungeon |    133 |    133 |      0 |      0 |     60 |   1 |  133.0 |
               +--------+--------+--------+--------+--------+-----+--------+

Top non-repeatable levels by time:
     D:1: 133 daAuts
